 Dungeon Crawl Stone Soup version 0.30-a0-373-gd37427bb62 (webtiles) character file.

Game seed: 14842568358581622317

8998 qeuew the Protected (level 11, -7/89 HPs)
             Began as a Barachi Fighter on Nov 24, 2022.
             Was an Elder of Okawaru.
             Mangled by a troll (10 damage)
             ... on level 10 of the Dungeon.
             The game lasted 00:14:38 (7424 turns).

qeuew the Protected (Barachi Fighter)               Turns: 7424, Time: 00:14:38

Health: -7/89      AC: 12    Str: 19    XL:     11   Next: 39%
Magic:  11/11      EV: 11    Int:  9    God:    Okawaru [****..]
Gold:   557        SH: 13    Dex: 14    Spells: 10/10 levels left

rFire   . . .      SeeInvis .    a - +0 war axe (freeze)
rCold   . . .      Faith    .    u - +2 kite shield
rNeg    + . .      Spirit   .    b - +0 scale mail
rPois   .          Reflect  .    (no helmet)
rElec   .          Harm     .    (no cloak)
rCorr   .          Rampage  .    (no gloves)
Will    .....                    (no boots)
Stlth   ..........               i - amulet of regeneration
HPRegen 1.14/turn                g - ring of positive energy
MPRegen 0.12/turn                k - +4 ring of protection

@: mighty, studying Long Blades, slow
A: amphibious, slowness 1, strong legs 1, +LOS
a: Hop, Renounce Religion, Heroism, Finesse


You were on level 10 of the Dungeon.
You worshipped Okawaru.
Okawaru was greatly pleased with you.
You visited 1 branch of the dungeon, and saw 10 of its levels.

You collected 557 gold pieces.

Inventory:

Hand Weapons
 a - a +0 war axe of freezing (weapon)
Missiles
 r - 3 javelins (quivered)
Armour
 b - a +0 scale mail (worn)
 u - a +2 kite shield (worn)
Jewellery
 g - a ring of positive energy (left hand)
 i - an amulet of regeneration (around neck)
 k - a +4 ring of protection (right hand)
Wands
 j - a wand of roots (17)
 t - a wand of flame (1)
Scrolls
 m - 3 scrolls of teleportation
 o - 2 scrolls of amnesia
 q - a scroll of enchant armour
 s - a scroll of enchant weapon
Potions
 d - 2 potions of might
 e - a potion of heal wounds
 h - 2 potions of flight
 l - a potion of brilliance
 n - 4 potions of curing
 p - a potion of haste


   Skills:
 + Level 9.2 Fighting
 + Level 8.0 Axes
 + Level 4.5 Throwing
 + Level 9.2 Armour
 + Level 7.5 Dodging
 + Level 8.2 Shields
 + Level 6.8 Evocations


You had 10 spell levels left.
You didn't know any spells.
Your spell library contained the following spells:

 Spells                   Type           Power      Damage    Failure   Level
 Foxfire                  Conj/Fire      0%         2x1d4     94%         1
 Cigotuvi's Dreadful Rot  Necr/Pois/Air  0%         N/A       98%         2
 Poisonous Vapours        Pois/Air       0%         N/A       98%         2
 Gell's Gravitas          Tloc           0%         N/A       100%        3
 Lesser Beckoning         Tloc           0%         N/A       100%        3
 Mephitic Cloud           Conj/Pois/Air  0%         N/A       100%        3
 Portal Projectile        Hex/Tloc       0%         N/A       100%        3
 Teleport Other           Tloc           0%         N/A       100%        3
 Leda's Liquefaction      Hex/Erth       0%         N/A       100%        4
 Fireball                 Conj/Fire      0%         3d3       100%        5
 Lee's Rapid Deconstruct  Erth           0%         3d4*      100%        5
 Starburst                Conj/Fire      0%         6d3       100%        6
 Statue Form              Tmut/Erth      0%         N/A       100%        6
 Call Canine Familiar     Summ           Unusable   N/A       N/A         3

Dungeon Overview and Level Annotations

Branches:
Dungeon (10/15)            Temple (0/1) D:7             Orc (0/2) D:9
   Lair: D:8-11

Altars:
Fedhas
Hepliaklqana
Okawaru
Sif Muna
Trog
Vehumet


Innate Abilities, Weirdness & Mutations

You are amphibious.
You cover ground slowly.
You can hop short distances.
You have an extended range of vision and can be seen from far away.


Message History

You hit the two-headed ogre. You freeze the two-headed ogre.
The two-headed ogre is almost dead.
You hit the troll. You freeze the troll. You slash the gnoll!
You freeze the gnoll.
You kill the gnoll!
Okawaru accepts your kill. You block the gnoll's attack.
The troll bites you but does no damage. You block the troll's attack.
The troll claws you but does no damage.
Unknown command.
You slash the two-headed ogre! You freeze the two-headed ogre.
You kill the two-headed ogre!
Okawaru is honoured by your kill.
You slash the troll! You freeze the troll. The troll completely misses you.
You block the troll's attack. x2
A kobold brigand comes into view.
It is wielding a +0 club and quivering poisoned darts.
The gnoll hits you from afar with a +0 spear.
* * * LOW HITPOINT WARNING * * *
Your Axes skill increases to level 8!
The troll bites you!
* * * LOW HITPOINT WARNING * * *
The troll closely misses you. The troll claws you but does no damage.
A kobold comes into view. It is wielding a +0 whip.
The gnoll hits you with a +0 spear.
* * * LOW HITPOINT WARNING * * *
You feel very mighty all of a sudden.
The kobold shouts!
You block the troll's attack. The troll claws you.
* * * LOW HITPOINT WARNING * * *
The troll barely misses you.
The kobold throws a stone.
The stone hits you but does no damage. The gnoll hits you but does no damage.
You slice the gnoll!! You freeze the gnoll.
You kill the gnoll!
Okawaru accepts your kill.
You closely miss the troll.
A kobold comes into view. It is wielding a +0 whip.
The kobold brigand throws a poisoned dart.
You block the poisoned dart. The troll bites you!
* * * LOW HITPOINT WARNING * * *
The troll claws you!
You die...

.. #. . .. ...
#. .... ##. ..K.
#..#####K..
#.......# ..
##.))T...#....
##..).@).....#
#...).....##.#
#...#..#### #
#..###.....##...
#. ##.##.....# #
###.##.....#
##...........
#............
#............


You could see a troll, a kobold brigand and a kobold.

Vanquished Creatures
  A two-headed ogre (D:10)
  Joseph (D:7)
  2 trolls (D:9)
  Grinder (D:6)
  19 yaks
  A wraith (D:9)
  3 steam dragons
  Grum (D:9)
  Menkaure (D:6)
  2 water moccasins
  2 sky beasts
  2 orc warriors (D:9)
  3 centaurs
  An ogre (D:9)
  2 wolves (D:9)
  A phantom (D:4)
  Blork the orc (D:5)
  5 kobold brigands (D:9)
  9 gnoll sergeants
  2 scorpions (D:5)
  7 wights
  5 killer bees (D:9)
  5 howler monkeys
  5 jellies
  A gnoll bouda (D:4)
  2 hounds
  5 orc priests
  5 iguanas
  4 orc wizards
  Crazy Yiuf (D:6)
  10 gnolls
  6 adders
  2 ufetubi
  2 worms
  2 dart slugs
  31 orcs
  8 endoplasms
  A giant cockroach (D:2)
  10 goblins
  6 hobgoblins
  4 jackals (D:4)
  5 ball pythons
  A bat (D:1)
  2 frilled lizards (D:2)
  6 kobolds
  6 rats
202 creatures vanquished.

Vanquished Creatures (others)
  2 fungi (D:8)
2 creatures vanquished.

Grand Total: 204 creatures vanquished

Notes
Turn   | Place    | Note
-------+----------+-------------------------------------------
     0 | D:1      | qeuew the Barachi Fighter began the quest for the Orb.
     0 | D:1      | Reached XP level 1. HP: 18/18 MP: 1/1
   281 | D:1      | Reached XP level 2. HP: 25/25 MP: 2/2
   790 | D:2      | Reached skill level 1 in Dodging
   790 | D:2      | Reached XP level 3. HP: 22/30 MP: 3/3
  1259 | D:3      | Found a faded altar of an unknown god.
  1298 | D:3      | Found a blossoming altar of Fedhas.
  1719 | D:3      | Reached XP level 4. HP: 37/37 MP: 4/4
  2322 | D:4      | Reached XP level 5. HP: 41/43 MP: 5/5
  2478 | D:4      | Noticed a phantom
  2491 | D:4      | Reached XP level 6. HP: 12/49 MP: 6/6
  2657 | D:4      | Reached skill level 5 in Armour
  2756 | D:5      | Entered Level 5 of the Dungeon
  2874 | D:5      | Reached skill level 5 in Fighting
  2874 | D:5      | Noticed a sky beast
  2892 | D:5      | Reached skill level 1 in Evocations
  2892 | D:5      | Reached XP level 7. HP: 33/56 MP: 7/7
  2953 | D:5      | Noticed Blork the orc
  2965 | D:5      | Killed Blork the orc
  2966 | D:5      | Reached skill level 5 in Shields
  3123 | D:5      | Reached XP level 8. HP: 64/64 MP: 8/8
  3405 | D:6      | Reached skill level 5 in Axes
  3452 | D:6      | Noticed Grinder
  3466 | D:6      | Paralysed by Grinder for 2 turns
  3472 | D:6      | Killed Grinder
  3506 | D:6      | Noticed Menkaure
  3515 | D:6      | Killed Menkaure
  3853 | D:6      | Reached XP level 9. HP: 71/71 MP: 9/9
  3982 | D:6      | Found a runed translucent door.
  3983 | D:6      | Noticed Crazy Yiuf
  4105 | D:6      | Identified the +1 dagger of Imbalance {speed, rC++}
  4239 | D:6      | Found an iron altar of Okawaru.
  4240 | D:6      | Found a bloodstained altar of Trog.
  4258 | D:6      | Became a worshipper of Warmaster Okawaru
  4444 | D:6      | Killed Crazy Yiuf
  4682 | D:7      | Noticed Joseph
  4701 | D:7      | Killed Joseph
  4702 | D:7      | Reached skill level 5 in Dodging
  4775 | D:7      | Found a staircase to the Ecumenical Temple.
  5147 | D:7      | Reached * piety under Okawaru
  5354 | D:8      | Reached skill level 1 in Throwing
  5374 | D:8      | Reached skill level 5 in Evocations
  5383 | D:8      | Reached ** piety under Okawaru
  5436 | D:8      | Reached XP level 10. HP: 76/80 MP: 10/10
  5529 | D:8      | Reached *** piety under Okawaru
  5959 | D:8      | Found a shimmering blue altar of Sif Muna.
  5959 | D:8      | Found a hazy altar of Hepliaklqana.
  6283 | D:9      | Found a radiant altar of Vehumet.
  6319 | D:9      | Reached **** piety under Okawaru
  6330 | D:9      | Received a gift from Okawaru
  6499 | D:9      | Noticed Grum
  6512 | D:9      | Reached XP level 11. HP: 32/87 MP: 11/11
  6516 | D:9      | Killed Grum
  6628 | D:9      | Found a staircase to the Orcish Mines.
  7364 | D:10     | Entered Level 10 of the Dungeon
  7405 | D:10     | Noticed a two-headed ogre
  7421 | D:10     | Killed a two-headed ogre
  7424 | D:10     | HP: 3/89 [troll (13)]
  7424 | D:10     | Mangled by a troll

Illustrated notes

Levels and vault maps discovered:
D:1:      saegor_arrival_simple_e, layout_loops_ring,
          hangedman_abyss_or_decor_stabs
D:2:      layout_loops_ring
D:3:      layout_basic, fedhas_altar_fruit_tree,
          ebering_ecumenical_altar_abandoned, grunt_ministairs_11
D:4:      minmay_octagon_keep, layout_gridville
D:5:      layout_basic, serial_glass, glass_columns_a, glass_columns_a,
          glass_columns_c, glass_columns_c, glass_columns_c, glass_columns_c,
          glass_columns_c, glass_columns_a, glass_columns_b, glass_columns_a,
          glass_columns_a, glass_columns_a, glass_columns_b, glass_columns_b,
          uniq_blork_the_orc
D:6:      layout_basic, grunt_temple_overflow_bloody_war,
          uniq_crazy_yiuf_cottage, uniq_grinder, uniq_menkaure
D:7:      layout_loops_ring, minmay_temple_entry_mist, uniq_joseph
D:8:      kennysheep_steamy, layout_basic, gammafunk_temple_overflow_elements
D:9:      layout_irregular_city, kennysheep_little_box,
          kennysheep_orc_monster_closet_entryway, uniq_grum
D:10:     layout_cave_pools, minmay_overflow_temple_hex,
          hellmonk_lair_entry_icy, nicolae_trove_entry_path_of_doom

Skill      XL: |  1  2  3  4  5  6  7  8  9 10 11 |
---------------+----------------------------------+-----
Dodging        | 1 2 3 4 6 7 |  7.5
Fighting       | 4 5 6 7 8 9 |  9.2
Armour         | 4 5 6 7 8 9 |  9.2
Axes           | 3 4 5 6 7 8 |  8.0
Shields        | 4 5 6 7 8 |  8.2
Evocations     | 1 2 3 5 6 |  6.8
Throwing       | 2 3 4 |  4.5

Action                   |  1- 3 |  4- 6 |  7- 9 | 10-12 || total
-------------------------+-------+-------+-------+-------++-------
Melee: War axe           |    85 |   130 |   253 |   356 ||   824
Invok: Heroism           |       |       |       |     3 ||     3
 Abil: Hop               |     1 |       |       |     1 ||     2
  Use: Scroll            |     5 |     4 |     3 |     1 ||    13
       Potion            |     3 |     6 |     2 |     2 ||    13
Armor: Scale mail        |    31 |    63 |    82 |   139 ||   315
Dodge: Dodged            |    42 |    78 |   114 |   232 ||   466
Block: Buckler           |    22 |    48 |    65 |   100 ||   235
       Kite shield       |       |       |       |    89 ||    89

Table legend: (Time is in decaauts)
 A = Elapsed time spent in this place.
 B = Non-inter-level travel time spent in this place.
 C = Inter-level travel time spent in this place.
 D = Time resting spent in this place.
 E = Time spent auto-exploring this place.
 F = Levels seen in this place.
 G = Mean time per level.
                   A        B        C        D        E       F      G
               +--------+--------+--------+--------+--------+-----+--------+
         Total |   8769 |   8457 |    312 |     99 |   6572 |  10 |  876.9 |
       Dungeon |   8769 |   8457 |    312 |     99 |   6572 |  10 |  876.9 |
               +--------+--------+--------+--------+--------+-----+--------+

Top non-repeatable levels by time:
     D:9: 1438 daAuts
     D:6: 1337 daAuts
     D:3: 1095 daAuts
     D:8: 1001 daAuts
     D:7: 915 daAuts
     D:2: 791 daAuts
     D:4: 732 daAuts
     D:5: 697 daAuts
     D:1: 690 daAuts
    D:10: 68 daAuts
